 Dungeon Crawl Stone Soup version 0.28-a0-1594-ga885d4b3d6 (webtiles) character file.

Game seed: 8810150326480690242

8184 kae the Grappler (level 11, -14/109 HPs)
             Began as a Purple Draconian Transmuter on Jan 20, 2022.
             Was a Follower of Ru.
             Demolished by a daeva (20 damage)
             ... on level 1 of the Abyss.
             The game lasted 00:07:45 (17372 turns).

kae the Grappler (Purple Draconian Transmuter)     Turns: 17372, Time: 00:07:46

Health: -14/109    AC:  8    Str: 14    XL:     11   Next: 6%
Magic:  20/21      EV: 11    Int: 16    God:    Ru [*.....]
Gold:   1471       SH:  0    Dex: 12    Spells: 16/24 levels left

rFire   x . .      SeeInvis .     - Unarmed
rCold   + + +      Faith    .   (shield currently unavailable)
rNeg    . . .      Spirit   .   (armour unavailable)
rPois   +          Reflect  .   (helmet currently unavailable)
rElec   .          Harm     .   (cloak currently unavailable)
rCorr   .          Rampage  .   (gloves currently unavailable)
Will    +....                   (boots currently unavailable)
Stlth   +.........              (no amulet)
HPRegen 0.00/turn               o - ring of poison resistance
MPRegen 0.17/turn               r - ring of protection from cold

@: ice-form, sick, glowing, unable to read
A: freezing attack, amphibious, boosted hp, (breathe power), AC +7, large,
unfitting armour, (cold-blooded), inability to read while threatened
a: End Transformation, Renounce Religion


You were on level 1 of the Abyss.
You worshipped Ru.
Ru was aware of your devotion.
You were a creature of crystalline ice.
You visited 2 branches of the dungeon, and saw 11 of its levels.
You visited the Abyss 1 time.
You also visited: Sewer.

You collected 1627 gold pieces.
You spent 156 gold pieces at shops.

Inventory:

Armour
 i - a +1 cloak (melded)
 w - a +2 hat (melded)
Jewellery
 o - a ring of poison resistance (left front paw)
 r - a ring of protection from cold (right front paw)
 z - a +4 ring of protection
Wands
 q - a wand of iceblast (7)
 y - a wand of flame (9)
Scrolls
 j - 4 scrolls of fog
 l - 3 scrolls of amnesia
 n - 2 scrolls of teleportation
 t - a scroll of magic mapping
 u - a scroll of fear
 v - 2 scrolls of vulnerability
Potions
 a - 3 potions of brilliance
 b - 2 potions of lignification
 c - 3 potions of heal wounds
 d - 3 potions of cancellation
 e - a potion of flight {unknown}
 f - a potion of magic {unknown}
 g - a potion of experience {unknown}
 h - a potion of might {unknown}
 k - a potion of resistance {unknown}
 m - 2 potions of mutation {unknown}
 p - a potion of berserk rage
 s - 9 potions of curing
 x - a potion of degeneration {unknown}


   Skills:
 + Level 6.6 Fighting
 + Level 5.8 Dodging
 * Level 9.4 Unarmed Combat
 + Level 7.0 Spellcasting
 * Level 8.9 Transmutations
 - Level 5.0 Ice Magic
 - Level 2.0 Poison Magic


You had 16 spell levels left.
You knew the following spells:

 Your Spells              Type           Power      Damage    Failure   Level
a - Beastly Appendage     Tmut           68%        N/A       1%          1
b - Spider Form           Tmut/Pois      23%        N/A       3%          3
c - Ice Form              Ice/Tmut       28%        N/A       7%          4

Your spell library contained the following spells:

 Spells                   Type           Power      Damage    Failure   Level
 Wereblood                Tmut           34%        N/A       1%          2
 Summon Guardian Golem    Hex/Summ       5%         N/A       36%         3
 Orb of Destruction       Conj           2%         9d5       100%        7
 Spellforged Servitor     Conj/Summ      2%         N/A       100%        7


Dungeon Overview and Level Annotations

Branches:
Dungeon (10/15)            Temple (1/1) D:7            Lair (0/6) D:9
  Sewer (visited)
    Orc: D:9-12

Altars:
Ashenzari
Cheibriados
Dithmenos
Elyvilon
Fedhas
Gozag
Hepliaklqana
Kikubaaqudgha
Makhleb
Nemelex Xobeh
Okawaru
Qazlal
Ru
Sif Muna
Trog
Uskayaw
Vehumet
Wu Jian
Xom
Yredelemnul
Zin
The Shining One

Shops:
D:7 !

Annotations:
D:10 Psyche


Innate Abilities, Weirdness & Mutations

You are a creature of crystalline ice.
You have a powerful freezing melee attack.
You are amphibious.
Your maximum health is increased.
Your armour is entirely melded.
You are incapable of wielding weapons or throwing items.
((You can breathe bolts of dispelling energy.))
((Your rich purple scales are hard. (AC +7)))
You cannot fit into any form of body armour.
((You are cold-blooded and may be slowed by cold attacks.))
You sometimes lose the ability to read scrolls when taking damage.


Message History

The ancient zyme hits you!
You feel threatened and lose the ability to read scrolls!
The ancient zyme completely misses you.
You feel ill.
You pummel the ancient zyme!! You freeze the ancient zyme!
The ancient zyme is almost destroyed.
The ancient zyme hits you! The ancient zyme barely misses you.
You punch the ancient zyme! You freeze the ancient zyme.
You destroy the ancient zyme!
That felt strangely unrewarding.
You can read scrolls again.
A wretched star comes into view.
You punch the large abomination! You freeze the large abomination.
The large abomination is moderately damaged.
The large abomination hits you!!
You feel threatened and lose the ability to read scrolls!
* * * LOW HITPOINT WARNING * * *
You hear a shout!
You completely miss the large abomination.
The large abomination is moderately damaged.
The large abomination hits you!
* * * LOW HITPOINT WARNING * * *
You punch the large abomination! You freeze the large abomination.
The large abomination is heavily damaged.
The large abomination hits you!
* * * LOW HITPOINT WARNING * * *
A daeva comes into view.
It is wielding a +4 scimitar of holy wrath.
The daeva shouts!
You punch the large abomination! You freeze the large abomination.
The large abomination is almost destroyed.
The large abomination hits you.
* * * LOW HITPOINT WARNING * * *
Unknown command.
You hit the large abomination. You freeze the large abomination.
You destroy the large abomination!
That felt strangely unrewarding.
Unknown command.
You punch the daeva! You freeze the daeva.
The daeva is lightly wounded.
The daeva hits you with a +4 scimitar of holy wrath!!
You die...

#...#### #. #..####
. . ..#.....### .#
..## #..#.. # ##.#
.. .#.##.#.## ..##
..#....##..###.#.##
##.. #.#...#.......
..## .#.##*...# . #
# ...#.Y###
#.#.##.#A#
#*.###.#.#.. ## ..#
# .... ##. .#.# #
.# .. . . #.


You could see a daeva and a wretched star.

Vanquished Creatures
  A hydra (D:10)
  A two-headed ogre (D:9)
  Pikel (D:5)
  A large abomination (Abyss:1)
  A cyclops (D:10)
  A kobold demonologist (Abyss:1)
  An ancient zyme (Abyss:1)
  A troll (D:10)
  A shadow (D:5)
  8 yaks
  2 wyverns
  2 steam dragons
  2 acid dragons
  3 water moccasins
  5 orc warriors
  2 ice beasts
  A black bear (D:6)
  2 necrophages
  3 ogres
  4 centaurs
  A lemure (D:5)
  7 kobold brigands
  3 bullfrogs
  A gnoll sergeant (D:10)
  2 scorpions (D:6)
  2 water moccasin skeletons
  4 killer bees (D:7)
  3 wights (D:8)
  2 jellies
  A howler monkey (D:9)
  A centaur zombie (D:9)
  2 orc priests
  A centaur skeleton (D:5)
  A hound (D:5)
  A gnoll shaman (D:6)
  Ijyb (D:5)
  2 iguanas
  5 orc wizards
  A killer bee zombie (D:8)
  2 hound skeletons
  Robin (D:3)
  6 adders
  14 gnolls
  5 river rats (Sewer)
  An ufetubus (D:6)
  An adder skeleton (D:5)
  4 worms
  4 dart slugs
  22 orcs
  10 ball pythons
  9 endoplasms
  3 giant cockroaches
  24 goblins
  6 hobgoblins
  4 jackals
  3 quokkas
  5 bats
  4 frilled lizards
  24 kobolds
  16 rats
252 creatures vanquished.

Vanquished Creatures (others)
  A jackal (D:5)
  9 plants (Sewer)
10 creatures vanquished.

Grand Total: 262 creatures vanquished

Notes
Turn   | Place    | Note
-------+----------+-------------------------------------------
     0 | D:1      | kae the Draconian Transmuter began the quest for the Orb.
     0 | D:1      | Reached XP level 1. HP: 16/16 MP: 3/3
   229 | D:1      | Reached XP level 2. HP: 13/23 MP: 3/5
   952 | D:1      | Reached XP level 3. HP: 24/28 MP: 4/6
   956 | D:1      | Learned a level 3 spell: Spider Form
  1562 | D:2      | Found a faded altar of an unknown god.
  1900 | D:2      | Reached skill level 1 in Poison Magic
  2283 | D:2      | Reached XP level 4. HP: 30/36 MP: 5/7
  3031 | D:3      | Found a glowing drain.
  3064 | Sewer    | Entered a sewer
  3092 | Sewer    | Noticed a kobold brigand
  3111 | Sewer    | Killed a kobold brigand
  3112 | Sewer    | Reached XP level 5. HP: 27/41 MP: 1/8
  3333 | Sewer    | Reached skill level 4 in Unarmed Combat
  3468 | Sewer    | Reached XP level 6. HP: 25/49 MP: 7/9
  4537 | D:3      | Learned a level 4 spell: Ice Form
  4662 | D:3      | Noticed Robin
  4763 | D:3      | Killed Robin
  5923 | D:4      | Reached skill level 1 in Ice Magic
  5953 | D:4      | You fall into a shaft and drop 1 floor!
  5953 | D:5      | Entered Level 5 of the Dungeon
  6103 | D:5      | Noticed Pikel
  6127 | D:5      | Your scales start taking on a rich purple colour.
  6127 | D:5      | Reached XP level 7. HP: 38/57 MP: 7/12
  6127 | D:5      | Killed Pikel
  6128 | D:5      | Reached skill level 5 in Unarmed Combat
  6128 | D:5      | Reached XP level 8. HP: 42/63 MP: 7/14
  6299 | D:5      | Reached skill level 5 in Transmutations
  7023 | D:5      | Reached skill level 6 in Unarmed Combat
  7359 | D:5      | Noticed Ijyb
  7371 | D:5      | Killed Ijyb
  9036 | D:5      | Reached XP level 9. HP: 71/71 MP: 8/16
  9350 | D:6      | Reached skill level 5 in Spellcasting
 10244 | D:7      | Reached skill level 7 in Unarmed Combat
 10244 | D:7      | Reached skill level 5 in Ice Magic
 10390 | D:7      | Found Zaujoush's Distillery.
 10626 | D:7      | Bought a potion of curing for 36 gold pieces
 10626 | D:7      | Bought a potion of heal wounds for 60 gold pieces
 10626 | D:7      | Bought a potion of berserk rage for 60 gold pieces
 10744 | D:7      | Found a staircase to the Ecumenical Temple.
 10888 | D:7      | Reached skill level 5 in Fighting
 11394 | Temple   | Entered the Ecumenical Temple
 12001 | Temple   | Became a worshipper of Ru the Awakened
 12860 | D:8      | Reached XP level 10. HP: 81/81 MP: 13/18
 13105 | D:8      | Found an opulent altar of Gozag.
 13235 | D:8      | Reached skill level 8 in Unarmed Combat
 13291 | D:8      | Reached skill level 5 in Dodging
 14060 | D:9      | Gained mutation: You sometimes lose the ability to read
                  | scrolls when taking damage. [Ru sacrifice]
 14060 | D:9      | Reached * piety under Ru
 14124 | D:9      | Found a staircase to the Lair.
 14535 | D:9      | Noticed a two-headed ogre
 14563 | D:9      | Killed a two-headed ogre
 15081 | D:10     | Entered Level 10 of the Dungeon
 15386 | D:10     | Noticed a cyclops
 15397 | D:10     | Killed a cyclops
 15693 | D:10     | Reached skill level 9 in Unarmed Combat
 16811 | D:10     | Noticed an eight-headed hydra
 16817 | D:10     | Killed an eight-headed hydra
 16818 | D:10     | Reached XP level 11. HP: 19/91 MP: 16/21
 17264 | D:10     | Noticed Psyche
 17272 | D:10     | Cast into level 1 of the Abyss (Psyche)
 17315 | Abyss:1  | Identified a scroll of acquirement
 17315 | Abyss:1  | Acquired 953 gold pieces
 17362 | Abyss:1  | Noticed a large abomination
 17364 | Abyss:1  | Noticed a wretched star
 17368 | Abyss:1  | Noticed a daeva
 17370 | Abyss:1  | Killed a large abomination
 17372 | Abyss:1  | Demolished by a daeva

Illustrated notes

Levels and vault maps discovered:
D:1:      kilobyte_arrival_exit_the_forest, layout_rooms, minivault_26,
          roderic_roman_lattice, minmay_box_of_dots
D:2:      layout_basic, nicolae_ecumenical_lake_church
D:3:      minmay_wonky_spiral, layout_rooms, cheibrodos_sewer_entry_bend,
          uniq_robin
D:4:      layout_cave_pods
D:5:      minmay_clustersquares, layout_basic, uniq_ijyb, uniq_pikel
D:6:      black_bear_nest_2, layout_rooms
D:7:      layout_loops_corners, temple_hall, serial_shops, shop
D:8:      layout_basic, kennysheep_mini_moat, kennysheep_donut
D:9:      layout_cross, dpeg_oklobed_lair
D:10:     layout_grid_maze, uniq_psyche
Temple:   mainiacjoe_temple_starburst
Abyss:1:  base:
D:1

Skill      XL: |  1  2  3  4  5  6  7  8  9 10 |
---------------+-------------------------------+-----
Dodging        | 2 3 4 5 |  5.8
Poison Magic   | 1 2 |  2.0
Fighting       | 2 3 4 5 6 |  6.6
Transmutations | 3 4 5 7 8 |  8.9
Unarmed Combat | 4 5 6 7 9 |  9.4
Ice Magic      | 1 2 4 5 |  5.0
Spellcasting   | 3 4 5 7 |  7.0

Action                   |  1- 3 |  4- 6 |  7- 9 | 10-12 || total
-------------------------+-------+-------+-------+-------++-------
Melee: Unarmed           |   111 |   269 |   235 |   197 ||   812
       Kick              |    11 |    10 |       |       ||    21
       Headbutt          |    12 |     7 |       |       ||    19
       Tailslap          |     9 |    22 |     3 |       ||    34
       Punch             |     4 |     3 |     2 |       ||     9
 Cast: Beastly Appendage |    27 |    13 |       |       ||    40
       Spider Form       |       |    30 |     2 |       ||    32
       Ice Form          |       |     1 |    35 |    24 ||    60
Invok: Sacrifice Words   |       |       |       |     1 ||     1
 Abil: Breathe Dispellin |       |       |     2 |     1 ||     3
  Use: Scroll            |     3 |     3 |     5 |     3 ||    14
       Potion            |       |       |     1 |       ||     1
 Stab: Sleeping          |       |     2 |       |       ||     2
Armor: Skin              |    28 |    42 |    79 |    54 ||   203
Dodge: Dodged            |    63 |   252 |   148 |   100 ||   563

Table legend: (Time is in decaauts)
 A = Elapsed time spent in this place.
 B = Non-inter-level travel time spent in this place.
 C = Inter-level travel time spent in this place.
 D = Time resting spent in this place.
 E = Time spent auto-exploring this place.
 F = Levels seen in this place.
 G = Mean time per level.
                   A        B        C        D        E       F      G
               +--------+--------+--------+--------+--------+-----+--------+
         Total |  17441 |  17057 |    384 |    397 |  14635 |  13 | 1341.6 |
       Dungeon |  15158 |  14873 |    285 |    381 |  12788 |  10 | 1515.8 |
        Temple |    659 |    560 |     99 |      0 |    551 |   1 |  659.0 |
         Abyss |     80 |     80 |      0 |      6 |      0 |   1 |   80.0 |
         Sewer |   1542 |   1542 |      0 |     10 |   1295 |   1 | 1542.0 |
               +--------+--------+--------+--------+--------+-----+--------+

Top non-repeatable levels by time:
     D:5: 2352 daAuts
    D:10: 2180 daAuts
     D:8: 1992 daAuts
     D:2: 1677 daAuts
   Sewer: 1542 daAuts
     D:7: 1417 daAuts
     D:1: 1409 daAuts
     D:4: 1255 daAuts
     D:3: 1180 daAuts
     D:6: 874 daAuts
     D:9: 819 daAuts
  Temple: 659 daAuts
 Abyss:1: 80 daAuts
